 Dungeon Crawl Stone Soup version 0.22-a0-443-g17c3723 (webtiles) character file.

283122 Gorglomux the Severer (level 20, -2/134 HPs)
             Began as a Gargoyle Fighter on June 1, 2018.
             Was the Champion of the Shining One.
             Killed from afar by a fire giant (12 damage)
             ... with a bolt of fire
             ... on level 5 of the Vaults.
             The game lasted 00:27:14 (28841 turns).

Gorglomux the Severer (Gargoyle Fighter)           Turns: 28841, Time: 00:27:23

Health: -2/134     AC: 54    Str: 27    XL:     20   Next: 55%
Magic:  16/29      EV:  5    Int: 11    God:    the Shining One [******]
Gold:   2283       SH: 42    Dex: 14    Spells: 19/19 levels left

rFire    + . .     SeeInvis .   a - +4 broad axe of Wounding {god gift, freeze, rC+ Dex+2}
rCold    + + +     Gourm    .   c - +5 large shield {rC+ rF+}
rNeg     + + +     Faith    .   m - +0 crystal plate armour of Subjectivity {god gift, rN+}
rPois    ∞         Spirit   .   L - +2 helmet
rElec    +         Reflect  +   n - +2 cloak {MR+} {god gift}
rCorr    .         Harm     .   (no gloves)
MR       ++...                  x - +1 pair of boots
Stlth    ..........             r - +4 amulet of reflection
HPRegen  0.32/turn              z - +4 ring of protection
MPRegen  0.21/turn              C - ring "Qafaczeepp" {rElec rC+ rN+ Dex+3}

@: divine shield, flying, very slightly contaminated, glowing
A: big wings, negative energy resistance 1, electricity resistance, unbreathing,
petrification resistance, rot immunity, AC +15
}: 2/15 runes: serpentine, barnacled
a: Stop Flying, Divine Shield, Cleansing Flame, Summon Divine Warrior, Brand
Weapon With Holy Wrath, Renounce Religion


You were on level 5 of the Vaults.
You worshipped the Shining One.
The Shining One was exalted by your worship.
You were not hungry.

You visited 6 branches of the dungeon, and saw 34 of its levels.

You collected 2973 gold pieces.
You spent 690 gold pieces at shops.

Inventory:

Hand Weapons
 a - the +4 broad axe of Wounding (weapon) {god gift, freeze, rC+ Dex+2}
   (Okawaru gifted it to you on level 3 of the Lair of Beasts)

   It has been specially enchanted to freeze those struck by it, causing extra
   injury to most foes and up to half again as much damage against particularly
   susceptible opponents.
   It can also slow down cold-blooded creatures.
   It affects your dexterity (+2).
   It protects you from cold.
 i - a +2 executioner's axe of venom
 l - a +0 broad axe of electrocution
Missiles
 Z - 3 throwing nets (quivered)
Armour
 c - a +5 large shield of resistance (worn)
 m - the +0 crystal plate armour of Subjectivity (worn) {god gift, rN+}
   (Okawaru gifted it to you on level 1 of the Snake Pit)

   It protects you from negative energy.
 n - a +2 cloak of magic resistance (worn) {god gift}
 x - a +1 pair of boots (worn)
 D - a scarf of cloud immunity
 L - a +2 helmet (worn)
Jewellery
 g - an uncursed ring of resist corrosion
 r - a +4 amulet of reflection (around neck)
 s - an uncursed ring of see invisible
 z - a +4 ring of protection (left hand)
 C - the ring "Qafaczeepp" (right hand) {rElec rC+ rN+ Dex+3}
   (You found it on level 3 of the Dungeon)

   [ring of protection from cold]

   It affects your dexterity (+3).
   It protects you from cold.
   It insulates you from electricity.
   It protects you from negative energy.
Wands
 A - a wand of acid (9)
 E - a wand of enslavement (50)
 I - a wand of iceblast (17)
 P - a wand of paralysis (23)
 S - a wand of scattershot (9)
Scrolls
 k - a scroll of summoning
 o - 4 scrolls of immolation
 q - a scroll of holy word
 B - 4 scrolls of blinking
 F - 10 scrolls of remove curse
 H - 4 scrolls of fog
 J - 2 scrolls of silence
 M - 2 scrolls of magic mapping
 N - a scroll of enchant weapon
 R - 2 scrolls of identify
 T - 6 scrolls of teleportation
 V - 2 scrolls of fear
Potions
 d - 5 potions of might
 j - a potion of invisibility
 p - 5 potions of agility
 t - 2 potions of haste
 u - 2 potions of ambrosia
 w - 2 potions of mutation {!q}
 y - 3 potions of degeneration
 G - 5 potions of brilliance
 K - 3 potions of cancellation
 Q - 10 potions of curing
 W - a potion of magic {unknown}
 X - 3 potions of resistance
Miscellaneous
 U - a box of beasts
Comestibles
 f - 39 rations
 Y - 6 chunks of flesh


   Skills:
 + Level 17.5 Fighting
 - Level 18.0 Axes
 + Level 17.4 Armour
 + Level 17.4 Shields
 + Level 12.7 Invocations


You had 19 spell levels left.
You didn't know any spells.
Your spell library contained the following spells:

 Spells                   Type           Power        Failure   Level  Hunger
 Magic Dart               Conj           #...         100%        1    ##.....
 Conjure Flame            Conj/Fire      #.......     100%        3    ####...
 Lightning Bolt           Conj/Air       #.........   100%        5    ######.
 Slow                     Hex            #.......     100%        2    ###....
 Mephitic Cloud           Conj/Pois/Air  #.......     100%        3    ####...
 Summon Small Mammal      Summ           #...         100%        1    ##.....
 Blink                    Tloc           N/A          100%        2    ###....
 Iskenderun's Mystic Bla  Conj           #.......     100%        4    #####..
 Animate Dead             Necr           N/A          100%        4    #####..
 Pain                     Necr           #...         100%        1    ##.....
 Animate Skeleton         Necr           N/A          100%        1    ##.....
 Vampiric Draining        Necr           #.........   100%        3    ####...
 Summon Ice Beast         Ice/Summ       #.......     100%        4    #####..
 Call Imp                 Summ           #.......     100%        2    ###....
 Regeneration             Chrm/Necr      #.........   100%        3    ####...
 Shock                    Conj/Air       #...         100%        1    ##.....
 Swiftness                Chrm/Air       #.......     100%        2    ###....
 Recall                   Summ/Tloc      N/A          100%        3    ####...
 Death Channel            Necr           #.........   100%        6    #######
 Deflect Missiles         Chrm/Air       #.........   100%        6    #######
 Airstrike                Air            #.........   100%        4    #####..
 Shadow Creatures         Summ           N/A          100%        6    #######
 Call Canine Familiar     Summ           #.......     100%        3    ####...
 Ensorcelled Hibernation  Hex/Ice        #.....       100%        2    ###....
 Silence                  Hex/Air        #.........   100%        5    ######.
 Static Discharge         Conj/Air       #.......     100%        3    ####...
 Simulacrum               Ice/Necr       #.........   100%        6    #######
 Conjure Ball Lightning   Conj/Air       #.........   100%        6    #######
 Tornado                  Air            #.........   100%        9    #######
 Darkness                 Hex            #.........   100%        6    #######
 Fulminant Prism          Conj/Hex       #.........   100%        4    #####..
 Dazzling Spray           Conj/Hex       #.....       100%        3    ####...
 Force Lance              Conj/Tloc      #.......     100%        4    #####..
 Searing Ray              Conj           #.....       100%        2    ###....
 Summon Lightning Spire   Summ/Air       #.......     100%        4    #####..
 Summon Guardian Golem    Hex/Summ       #.......     100%        3    ####...
 Borgnjor's Vile Clutch   Necr/Erth      #.........   100%        5    ######.


Dungeon Overview and Level Annotations

Branches:
Dungeon (14/15)            Temple (1/1) D:5            Lair (6/6) D:10
 Shoals (4/4) Lair:2        Snake (4/4) Lair:2        Slime (0/5) Lair:5
    Orc (0/2) D:11         Vaults (5/5) D:14          Crypt (0/3) Vaults:3

Altars:
Ashenzari
Cheibriados
Dithmenos
Elyvilon
Fedhas
Gozag
Hepliaklqana
Kikubaaqudgha
Makhleb
Nemelex Xobeh
Okawaru
Qazlal
Ru
Sif Muna
Trog
Uskayaw
Vehumet
Wu Jian
Xom
Yredelemnul
Zin
The Shining One
Jiyva

Shops:
D:9 (   Vaults:1 (   Vaults:4 ?

Portals:
Labyrinth: D:13

Annotations:
Lair:2 exclusion: oklob plant
Lair:6 exclusion: ice statue


Innate Abilities, Weirdness & Mutations

You are resistant to torment.
Your stone body is resilient. (AC +15)
You are immune to poison.
Your large and strong wings let you fly indefinitely.
You resist negative energy. (rN+)
You are resistant to electric shocks. (rElec)
You can survive without breathing.
You are immune to petrification.
You are immune to rotting.


Message History

The vault sentinel blows a loud note on a signal horn!!!
The tentacled monstrosity tentacle-slaps you but does no damage!
You block the tentacled monstrosity's attack!
The tentacled monstrosity tentacle-slaps you but does no damage!
The tentacled monstrosity constricts you!
You hear a deafening roar!!!
You butt a shout!!! x2; You hear a shout!!!
You hear a horrible gurgling sound!!! x2; You hear a shout!!! x8
Okay, then!
Blink to where?
Press: ? - help, Dir - move target cursor You escape the tentacled monstrosity's grasp!
You are very lightly contaminated with residual magic!
As you read the scroll of blinking, it crumbles to dust!
A fire giant comes into view!
It is wielding a great sword of flaming!
The fire giant shouts!!!
A fire giant simulacrum comes into view!
A deep elf sorcerer butts into view! It is wielding a long sword!
The fire giant gestures at you while chanting!
The bolt of fire hits you!!! You resist! rip #### ...
Z.C

## ####.#
.#.#
#$#.#
#.#.#
#.#@#
#C#.#
#.#.#.#
#.#.#
#.#.# #.#
#H#.#
#.#.# #.#
#p#.#.#.#
#.#
#X#.#.#
## #p#e#
#w#c#.#
#.# #.#.#


You could see a fire giant, a yaktaur captain, a deep elf sorcerer and a fire
giant simulacrum.

Vanquished Creatures
  Boris (Vaults:3)
  2 liches
  4 titans
  A deep elf blademaster (Vaults:1)
  A quicksilver dragon (Vaults:5)
  A deep elf master archer (Vaults:4)
  A sphinx (Vaults:1)
  An ancient champion (Vaults:3)
  2 storm dragons (Vaults:2)
  10 fire giants
  8 nagarajas
  A deep elf sorcerer (Vaults:1)
  8 frost giants
  6 vault wardens
  2 orc warlords
  A ghoul (Vaults:4)
  4 very ugly things
  2 entropy weavers
  A war gargoyle (Vaults:2)
  4 ironheart preservers
  A vampire knight (Vaults:1)
  10 stone giants
  2 deep elf demonologists
  3 purple draconians (Vaults:2)
  2 minotaurs
  A white draconian (Vaults:2)
  A red draconian (Vaults:2)
  2 ettins
  6 merfolk impalers
  2 crystal guardians
  3 merfolk javelineers
  5 ogre magi
  A fire dragon (Vaults:3)
  Josephine (D:11)
  Fannar (D:11)
  Harold (Lair:1)
  8 yaktaur captains
  16 naga warriors
  5 ice dragons
  18 vault guards
  A rakshasa (D:14)
  A catoblepas (Lair:6)
  2 merfolk avatars (Shoals:1)
  A merfolk aquamancer (Shoals:4)
  5 centaur warriors
  3 death yaks (Lair:6)
  5 hydras
  3 death knights
  9 anacondas
  A deep troll shaman (Lair:6)
  7 two-headed ogres
  A queen ant (Lair:2)
  3 tengu warriors (Vaults:4)
  A vampire mage (Vaults:3)
  9 naga sharpshooters
  5 shock serpents
  6 deep elf knights
  The ghost of Gorglomux the Cleaver, a novice GrFi of Okawaru (D:9)
  Nergalle (D:10)
  8 skeletal warriors
  5 shadow wraiths
  4 salamander mystics
  6 sea snakes
  4 unseen horrors
  9 naga ritualists
  7 deep trolls
  A wizard (Vaults:2)
  2 flayed ghosts
  15 ironbrand convokers
  10 orc knights
  A necromancer (Vaults:4)
  5 deep elf archers
  2 phantasmal warriors
  A lindwurm (Lair:6)
  21 ugly things
  6 harpies
  12 mana vipers
  7 wolf spiders
  11 deep elf magi
  An orc sorcerer (Vaults:3)
  5 cyclopes
  8 manticores
  3 elephants (Lair:6)
  13 salamanders
  Joseph (Lair:1)
  47 black mambas
  3 merfolk sirens
  4 fauns
  9 guardian serpents
  14 vault sentinels
  23 naga magi
  7 spiny frogs
  Psyche (D:10)
  2 frost giant skeletons (Vaults:4)
  4 centaur zombies
  A human zombie (Vaults:4)
  2 water nymphs
  A kobold demonologist (D:12)
  7 komodo dragons
  22 yaktaurs
  7 freezing wraiths
  A rime drake (Lair:5)
  A komodo dragon (shapeshifter) (Vaults:4)
  2 meliai (shapeshifter)
  4 tengu conjurers
  33 merfolk
  4 trolls
  A queen bee (shapeshifter) (Vaults:2)
  4 hornets
  2 jumping spiders
  A queen bee (Lair:1)
  5 polar bears
  18 blink frogs
  A tengu simulacrum (Vaults:4)
  13 slime creatures
  10 hippogriffs
  6 snapping turtles
  A frost giant simulacrum (Vaults:1)
  A human simulacrum (Vaults:3)
  A redback (Vaults:4)
  Sigmund (D:2)
  2 water elementals
  2 vampires
  21 yaks
  A tarantella (Vaults:3)
  7 wraiths
  A hungry ghost (D:11)
  4 wyverns
  Grum (D:10)
  4 basilisks
  3 vampire mosquitoes (D:14)
  3 wargs
  3 acid dragons
  71 nagas
  5 soldier ants
  17 water moccasins
  6 porcupines
  11 ice beasts
  30 orc warriors
  2 sky beasts
  2 necrophages (D:10)
  2 eyes of draining (D:12)
  5 black bears
  16 ogres
  A hornet zombie (D:11)
  An eye of draining (shapeshifter) (Vaults:2)
  2 phantoms
  13 centaurs
  7 boggarts
  15 wolves
  6 crocodiles
  3 big kobolds
  10 bullfrogs
  A wyvern zombie (D:12)
  A human skeleton (Vaults:4)
  A water moccasin skeleton (D:8)
  4 scorpions
  11 killer bees (Lair:1)
  8 wights
  3 electric eels
  4 howler monkeys
  6 crimson imps
  A bullfrog zombie (D:5)
  3 jellies
  3 centaur skeletons
  3 hounds
  11 orc priests
  20 orc wizards
  A bullfrog skeleton (D:8)
  5 iguanas
  7 hell rats
  38 worker ants
  A hound skeleton (D:5)
  A worker ant zombie (D:9)
  8 gnolls
  14 adders
  2 shadow imps
  A white imp (Lair:6)
  An adder skeleton (D:4)
  3 worms
  2 dart slugs
  A leopard gecko (D:8)
  81 orcs
  A ball python (D:1)
  2 bat zombies (D:7)
  A giant cockroach (D:3)
  8 goblins
  4 hobgoblins
  4 jackals (D:6)
  3 quokkas
  2 bats
  4 frilled lizards
  10 kobolds
  A quokka zombie (D:5)
  6 rats
  A rat zombie (D:7)
  4 fungi
  5 plants
1226 creatures vanquished.

Vanquished Creatures (collateral kills)
  A deep elf high priest (Vaults:5)
1 creature vanquished.

Vanquished Creatures (others)
  A deep elf master archer (Vaults:4)
  A nagaraja (Snake:2)
  A stone giant (Vaults:4)
  4 merfolk javelineers
  4 yaktaur captains
  2 centaur warriors (D:14)
  A satyr (Shoals:2)
  4 naga sharpshooters (Snake:4)
  2 deep elf archers (Vaults:4)
  7 yaktaurs
  A merfolk (Vaults:4)
  A slime creature (Vaults:2)
  An orc warrior (Vaults:3)
  A sky beast (D:8)
  4 centaurs
  A kobold (D:14)
  A jackal skeleton (D:4)
  4 fungi
  A plant (Lair:6)
42 creatures vanquished.

Grand Total: 1269 creatures vanquished

Notes
Turn   | Place    | Note
-------+----------+-------------------------------------------
     0 | D:1      | Gorglomux the Gargoyle Fighter began the quest for the Orb.
     0 | D:1      | Reached XP level 1. HP: 14/14 MP: 1/1
    30 | D:1      | Reached skill level 2 in Axes
    81 | D:1      | Reached XP level 2. HP: 17/19 MP: 2/2
   142 | D:2      | Noticed Sigmund
   150 | D:2      | Killed Sigmund
   150 | D:2      | Reached skill level 5 in Axes
   150 | D:2      | Reached XP level 3. HP: 23/23 MP: 3/3
   150 | D:2      | Reached XP level 4. HP: 28/28 MP: 4/4
   150 | D:2      | Reached XP level 5. HP: 32/32 MP: 5/5
   256 | D:2      | Found a deep blue altar of Sif Muna.
   457 | D:3      | Found a stormy altar of Qazlal.
   573 | D:3      | Found a shattered altar of Ashenzari.
   605 | D:3      | Reached XP level 6. HP: 32/37 MP: 6/6
   808 | D:3      | Got a slimy pewter ring
   969 | D:4      | Found a white marble altar of Elyvilon.
  1059 | D:4      | Reached skill level 6 in Axes
  1463 | D:4      | Reached XP level 7. HP: 26/41 MP: 7/7
  1856 | D:5      | Entered Level 5 of the Dungeon
  1908 | D:5      | Identified the ring "Qafaczeepp" {rElec rC+ rN+ Dex+3} (You found it on level 3 of the Dungeon)
  1916 | D:5      | Reached skill level 7 in Axes
  1936 | D:5      | Found a blossoming altar of Fedhas.
  1937 | D:5      | Found an opulent altar of Gozag.
  2010 | D:5      | Found a staircase to the Ecumenical Temple.
  2067 | Temple   | Entered the Ecumenical Temple
  2990 | D:5      | Reached skill level 8 in Axes
  3051 | D:6      | Reached XP level 8. HP: 39/46 MP: 8/8
  3477 | D:6      | Reached skill level 9 in Axes
  4320 | D:7      | Reached skill level 10 in Axes
  4473 | D:7      | Found a shimmering altar of Xom.
  4623 | D:7      | Found an ancient bone altar of Kikubaaqudgha.
  4674 | D:7      | Found an iron altar of Okawaru.
  4678 | D:7      | Found a shadowy altar of Dithmenos.
  4735 | D:7      | Reached XP level 9. HP: 45/51 MP: 9/9
  4836 | D:8      | Reached skill level 11 in Axes
  5349 | D:7      | Found a burning altar of Makhleb.
  5349 | D:7      | Found a shimmering altar of Xom.
  5349 | D:7      | Found a basalt altar of Yredelemnul.
  5360 | D:7      | Became a worshipper of Warmaster Okawaru
  5382 | D:8      | Found Ceorr's Jewellery Shoppe.
  5665 | D:8      | Reached skill level 1 in Invocations
  6127 | D:9      | Reached * piety under Okawaru
  6175 | D:9      | Noticed Gorglomux's ghost (novice GrFi)
  6219 | D:9      | Killed Gorglomux's ghost
  6219 | D:9      | Reached XP level 10. HP: 32/58 MP: 8/12
  6421 | D:9      | Reached ** piety under Okawaru
  6421 | D:9      | Reached skill level 12 in Axes
  6441 | D:9      | Reached skill level 3 in Invocations
  6506 | D:9      | Found Futy's Weapon Shoppe.
  6938 | D:10     | Entered Level 10 of the Dungeon
  6938 | D:10     | Noticed Grum
  6938 | D:10     | Noticed a two-headed ogre
  6953 | D:10     | Killed a two-headed ogre
  6956 | D:10     | Killed Grum
  6962 | D:10     | Reached *** piety under Okawaru
  6974 | D:10     | Reached skill level 6 in Fighting
  6985 | D:10     | Reached skill level 6 in Armour
  6985 | D:10     | Reached skill level 6 in Shields
  7091 | D:10     | Noticed Nergalle
  7148 | D:10     | Killed Nergalle
  7148 | D:10     | Reached XP level 11. HP: 30/65 MP: 11/13
  7187 | D:10     | Reached **** piety under Okawaru
  7224 | D:10     | Killed an unseen horror
  7350 | D:10     | Noticed Psyche
  7360 | D:10     | Killed Psyche
  7554 | D:10     | Found a staircase to the Lair.
  7693 | Lair:1   | Entered Level 1 of the Lair of Beasts
  7886 | Lair:1   | Noticed Joseph
  7887 | Lair:1   | Noticed Harold
  7918 | Lair:1   | Killed Joseph
  7918 | Lair:1   | Killed Harold
  8394 | Lair:1   | Reached ***** piety under Okawaru
  8698 | Lair:2   | Found a glowing golden altar of the Shining One.
  8849 | Lair:2   | Noticed an oklob plant
  9320 | Lair:2   | Found a staircase to the Snake Pit.
  9326 | Lair:2   | Reached skill level 13 in Axes
  9405 | Lair:2   | Noticed an eight-headed hydra
  9670 | Lair:3   | Reached XP level 12. HP: 64/74 MP: 14/14
  9892 | Lair:3   | Received a gift from Okawaru
  9904 | Lair:3   | Noticed a four-headed hydra
  9913 | Lair:3   | Killed a seven-headed hydra
 10784 | Lair:3   | Got a crude broad axe {god gift}
 10785 | Lair:3   | Identified the +4 broad axe of Wounding {god gift, freeze, rC+ Dex+2} (Okawaru gifted it to you on level 3 of the Lair of Beasts)
 10796 | Lair:4   | Noticed a four-headed hydra
 10818 | Lair:4   | Killed a 16-headed hydra
 10818 | Lair:4   | Reached skill level 9 in Fighting
 10818 | Lair:4   | Reached skill level 9 in Armour
 10897 | Lair:4   | Reached skill level 9 in Shields
 11127 | Lair:4   | Noticed a five-headed hydra
 11141 | Lair:4   | Killed an 11-headed hydra
 11141 | Lair:4   | Received a gift from Okawaru
 11925 | Lair:4   | Found the +8 whip "Snakebite" {curare, rPois}
 12182 | Lair:5   | Reached XP level 13. HP: 74/82 MP: 16/16
 12337 | Lair:5   | Found a dark tunnel.
 12365 | Lair:5   | Found a staircase to the Slime Pits.
 12365 | Lair:5   | Found a viscous altar of Jiyva.
 12808 | Lair:6   | Entered Level 6 of the Lair of Beasts
 12890 | Lair:6   | Noticed an ice dragon
 12914 | Lair:6   | Killed an ice dragon
 12986 | Lair:6   | Received a gift from Okawaru
 13073 | Lair:6   | Reached ****** piety under Okawaru
 13227 | Lair:6   | Reached skill level 6 in Invocations
 13363 | Lair:6   | Reached skill level 14 in Axes
 13400 | Lair:6   | Received a gift from Okawaru
 13822 | Snake:1  | Entered Level 1 of the Snake Pit
 13841 | Snake:1  | Gained mutation: Your large and strong wings let you fly indefinitely. [Gargoyle growth]
 13841 | Snake:1  | Reached XP level 14. HP: 89/90 MP: 17/19
 14037 | Snake:1  | Received a gift from Okawaru
 14070 | Snake:1  | Got a twisted crystal plate armour {god gift}
 14081 | Snake:1  | Identified the +0 crystal plate armour of Subjectivity {god gift, rN+} (Okawaru gifted it to you on level 1 of the Snake Pit)
 14416 | Snake:2  | Noticed a nagaraja
 14425 | Snake:2  | Killed a nagaraja
 14558 | Snake:2  | Reached skill level 12 in Armour
 14571 | Snake:2  | Reached skill level 12 in Fighting
 14577 | Snake:2  | Reached skill level 12 in Shields
 14633 | Snake:2  | Received a gift from Okawaru
 14674 | Snake:2  | Reached XP level 15. HP: 57/96 MP: 13/21
 14679 | Snake:2  | Reached skill level 9 in Invocations
 15298 | Snake:3  | Received a gift from Okawaru
 15298 | Snake:3  | Reached skill level 15 in Axes
 15405 | Snake:3  | Received a gift from Okawaru
 15650 | Snake:3  | Noticed a nagaraja
 15661 | Snake:3  | Killed a nagaraja
 15698 | Snake:3  | Identified a scroll of acquirement
 15857 | Snake:4  | Entered Level 4 of the Snake Pit
 16246 | Snake:4  | Reached XP level 16. HP: 95/104 MP: 15/22
 16309 | Snake:4  | Received a gift from Okawaru
 16353 | Snake:4  | Noticed a nagaraja
 16374 | Snake:4  | Noticed a nagaraja
 16382 | Snake:4  | Killed a nagaraja
 16383 | Snake:4  | Noticed a nagaraja
 16392 | Snake:4  | Killed a nagaraja
 16396 | Snake:4  | Noticed a nagaraja
 16406 | Snake:4  | Noticed a nagaraja
 16407 | Snake:4  | Noticed a nagaraja
 16418 | Snake:4  | Noticed a nagaraja
 16566 | Snake:4  | Killed a nagaraja
 16603 | Snake:4  | Killed a nagaraja
 16606 | Snake:4  | Killed a nagaraja
 16626 | Snake:4  | Killed a nagaraja
 16645 | Snake:4  | Killed a nagaraja
 16647 | Snake:4  | Received a gift from Okawaru
 16806 | Snake:4  | Got a serpentine rune of Zot
 17389 | Lair:2   | Reached skill level 16 in Axes
 17592 | Lair:2   | Found a staircase to the Shoals.
 17653 | Shoals:1 | Entered Level 1 of the Shoals
 17789 | Shoals:1 | Reached XP level 17. HP: 67/112 MP: 23/23
 18059 | Shoals:1 | Received a gift from Okawaru
 18721 | Shoals:4 | Entered Level 4 of the Shoals
 18833 | Shoals:4 | Received a gift from Okawaru
 18847 | Shoals:4 | Got a barnacled rune of Zot
 18971 | Lair:2   | Fell from the grace of Okawaru
 18971 | Lair:2   | Became a worshipper of the Shining One
 19118 | D:11     | Noticed Josephine
 19130 | D:11     | Killed Josephine
 19145 | D:11     | Reached skill level 15 in Fighting
 19188 | D:11     | Reached skill level 15 in Armour
 19261 | D:11     | Found a shadowy altar of Dithmenos.
 19283 | D:11     | Noticed Fannar
 19298 | D:11     | Killed Fannar
 19379 | D:11     | Reached skill level 15 in Shields
 19818 | D:11     | Found a staircase to the Orcish Mines.
 19982 | D:12     | Reached * piety under the Shining One
 20186 | D:12     | Reached ** piety under the Shining One
 20559 | D:13     | Found a labyrinth entrance.
 20693 | D:14     | Found a sacrificial altar of Ru.
 21009 | D:14     | Found a gate to the Vaults.
 21552 | D:14     | Reached *** piety under the Shining One
 21877 | Vaults:1 | Entered Level 1 of the Vaults
 21997 | Vaults:1 | Noticed a sphinx
 22002 | Vaults:1 | Killed a sphinx
 22018 | Vaults:1 | Reached XP level 18. HP: 103/119 MP: 24/24
 22056 | Vaults:1 | Noticed a titan
 22074 | Vaults:1 | Killed a titan
 22480 | Vaults:1 | Noticed a Tzitzimitl
 22480 | Vaults:1 | Noticed a lich
 22481 | Vaults:1 | Reached **** piety under the Shining One
 22927 | Vaults:1 | Paralysed by a vampire knight for 2 turns
 22942 | Vaults:1 | Killed a lich
 23019 | Vaults:1 | HP: 6/120 [wolf spider (6)]
 23292 | Vaults:1 | Reached skill level 17 in Axes
 23499 | Vaults:1 | Noticed a titan
 23510 | Vaults:1 | Killed a titan
 23735 | Vaults:1 | Found Bizaw's Antique Weapon Shop.
 24022 | Vaults:1 | Noticed a deep elf blademaster
 24029 | Vaults:1 | Killed a deep elf blademaster
 24681 | Vaults:2 | Found a ruined gateway.
 24684 | Vaults:2 | Reached ***** piety under the Shining One
 24862 | Vaults:2 | Reached XP level 19. HP: 118/125 MP: 27/27
 24988 | Vaults:2 | Noticed a lich
 25229 | Vaults:2 | You are sucked into a shaft for 2 floors!
 25657 | Vaults:4 | Found Hoxt's Magic Scroll Shoppe.
 26266 | Vaults:2 | Killed a lich
 26930 | Vaults:2 | You are sucked into a shaft for 2 floors!
 27373 | Vaults:4 | Bought a scroll of blinking for 150 gold pieces
 27373 | Vaults:4 | Bought a scroll of blinking for 150 gold pieces
 27373 | Vaults:4 | Bought a scroll of teleportation for 60 gold pieces
 27373 | Vaults:4 | Bought a scroll of remove curse for 60 gold pieces
 27373 | Vaults:4 | Bought a scroll of blinking for 150 gold pieces
 27373 | Vaults:4 | Bought a scroll of teleportation for 60 gold pieces
 27373 | Vaults:4 | Bought a scroll of teleportation for 60 gold pieces
 27373 | Vaults:4 | Was forgiven by Okawaru
 27719 | Vaults:4 | Reached skill level 12 in Invocations
 27900 | Vaults:3 | Noticed Boris
 27911 | Vaults:3 | Killed Boris
 27911 | Vaults:3 | Reached XP level 20. HP: 134/134 MP: 29/29
 28052 | Vaults:3 | Found a staircase to the Crypt.
 28068 | Vaults:3 | Reached ****** piety under the Shining One
 28793 | Vaults:5 | Entered Level 5 of the Vaults
 28827 | Vaults:5 | Reached skill level 18 in Axes
 28841 | Vaults:5 | Killed from afar by a fire giant

Vault maps used:
D:1:      minmay_arrival_hallway
D:2:      old_standard_altar, first_ration, uniq_sigmund
D:3:      grunt_qazlal_sundering, ashenzari_altar_1, minmay_checkerbox
D:4:      elyvilon_altar_4
D:5:      minitemple, minmay_temple_entry_statues_fountains
D:6:      grunt_ministairs_2
D:7:      lemuel_zombie_altar_kikubaaqudgha, nicolae_overflow_hidden_temple,
          basic_altar, serial_shops, shop
D:8:      serial_shops, shop
D:9:      serial_shops, kennysheep_mini_moat
D:10:     lair_entry_dummy, uniq_grum, uniq_psyche, uniq_nergalle
D:11:     david_orc_4, basic_altar, uniq_fannar, uniq_josephine
D:13:     lab_entry_generic
D:14:     hangedman_vaults_entry_quadrant_bands, basic_altar,
          minmay_misc_feat_tiny
Temple:   minmay_temple_curvy_loop
Lair:1:   special_room, serial_bayou_lagoon_b, uniq_joseph, uniq_harold
Lair:2:   elwin_shoals_entry_rooms, basic_altar, minmay_lair_oklob_items,
          nicolae_lair_grove_arrangements, serial_bayou_pond_d,
          zaba_antful_of_joy
Lair:4:   minmay_guarded_unrand_snakebite, grunt_megastairs_5,
          infiniplex_staircase_pool
Lair:5:   slime_altar_1, nicolae_volcano_entry_hallway
Lair:6:   grunt_lair_end_beastmaster, ice2_lemuel, lemuel_fruit_tree
Shoals:4: shoals_end_simple, shoals_ilsuiw_alternative,
          portal_ice_cave_entry_pillars_1
Snake:1:  nicolae_snake_single_loop, hangedman_snake_corridor_split,
          grunt_megastairs_3
Snake:2:  kennysheep_six_static_rooms, grunt_ministairs_14, grunt_megastairs_2
Snake:4:  johnstein_snake_rune_scales, serial_bayou_crossing
Vaults:1: v_misc_3, ontoclasm_vaults_misaligned, ontoclasm_vaults_spin,
          ontoclasm_vaults_idyll, vaults_dpeg_encased_lava, vaults_room_fours,
          hangedman_vaults_variations, st_greater_box_5, ontoclasm_vaults_idyll,
          v_misc_33, serial_shops, nicolae_shop_behind_doors
Vaults:2: v_pattern_4, grunt_vaults_diagonal, ontoclasm_vaults_eye,
          st_greater_box_2, vaults_dpeg_diagonal, ontoclasm_vaults_shuriken,
          v_misc_10, nicolae_vaults_ninety_degrees,
          portal_desolation_entry_nicolae_slug
Vaults:3: nicolae_vaults_little_squares_2, minmay_crypt_entry_simple_box,
          vaults_dpeg_hooks, v_misc_10, nicolae_vaults_three_branches,
          v_pattern_5, vaults_room_hallway, v_alt_pattern_3,
          hangedman_vaults_locks, vaults_room_pool, vaults_room_corners,
          grunt_vaults_focal, uniq_boris
Vaults:4: grunt_vaults_hallway_short, v_misc_2, grunt_vaults_hallway_long,
          vaults_room_pools, vaults_room_fours, v_misc_11,
          nicolae_vaults_little_squares_6, nicolae_vaults_mini_display_case,
          nicolae_vaults_yaktaur_gun_rack, serial_shops, shop

Skill      XL: |  1  2  3  4  5  6  7  8  9 10 11 12 13 14 15 16 17 18 19 20 |
---------------+-------------------------------------------------------------+-----
Axes           | 2 5 6 8 10 11 12 13 14 15 16 17 18 | 18.0
Invocations    | 2 3 4 7 8 9 10 12 | 12.7
Fighting       | 4 6 8 9 11 12 13 14 15 16 17 | 17.5
Armour         | 4 6 8 9 11 12 13 14 15 16 17 | 17.4
Shields        | 4 6 8 9 11 12 13 14 15 16 17 | 17.4

Action                   |  1- 3 |  4- 6 |  7- 9 | 10-12 | 13-15 | 16-18 | 19-21 || total
-------------------------+-------+-------+-------+-------+-------+-------+-------++-------
Melee: War axe           |    38 |   119 |   546 |   548 |       |       |       ||  1251
       Broad axe         |       |       |       |   156 |   874 |  1473 |   869 ||  3372
       Morningstar       |       |       |       |    17 |       |       |       ||    17
Throw: Throwing net      |       |       |     1 |       |       |       |       ||     1
Invok: Heroism           |       |       |     2 |    12 |    15 |     7 |       ||    36
       Finesse           |       |       |       |       |     8 |     5 |       ||    13
       Divine Shield     |       |       |       |       |       |     2 |     6 ||     8
       Cleansing Flame   |       |       |       |       |       |     1 |       ||     1
       Summon Divine War |       |       |       |       |       |       |     2 ||     2
 Abil: Fly               |       |       |       |       |       |     1 |       ||     1
Evoke: Box of beasts     |       |       |       |       |       |     1 |       ||     1
  Use: Scroll            |       |       |     9 |     2 |    14 |    15 |     7 ||    47
       Potion            |       |       |       |       |       |     3 |       ||     3
  Eat: Chunk             |       |     2 |    13 |    13 |    14 |    26 |    15 ||    83
       Ration            |       |       |     1 |     2 |       |     1 |       ||     4
Armor: Scale mail        |    32 |    59 |   236 |       |       |       |       ||   327
       Plate armour      |       |       |    49 |   437 |   133 |       |       ||   619
       Crystal plate arm |       |       |       |       |   216 |   583 |   350 ||  1149
       Skin              |       |       |       |       |       |    19 |       ||    19
Dodge: Dodged            |    16 |    34 |   134 |   324 |   180 |   194 |    60 ||   942
Block: Shield            |    23 |    61 |   258 |   556 |   747 |   148 |       ||  1793
       Reflection        |       |       |       |       |    59 |   134 |   115 ||   308
       Large shield      |       |       |       |       |       |  1427 |  1092 ||  2519

Table legend:
 A = Spawn XP
 B = Non-spawn XP
 C = Spawn XP percentage of total XP
 D = Spawn monster count
 E = Non-spawn monster count
 F = Spawn count percentage of total count
 G = Total turns spent on level
                    A         B        C        D         E        F      G
               +---------+---------+-------+---------+---------+-------+---------
         Total |       0 |  450306 |   0.0 |       0 |    1135 |   0.0 | 28841
               +---------+---------+-------+---------+---------+-------+---------
           D:1 |       0 |      13 |   0.0 |       0 |       9 |   0.0 |   120
           D:2 |       0 |     242 |   0.0 |       0 |      10 |   0.0 |   337
           D:3 |       0 |     136 |   0.0 |       0 |      19 |   0.0 |   476
           D:4 |       0 |     301 |   0.0 |       0 |      10 |   0.0 |   923
           D:5 |       0 |     469 |   0.0 |       0 |      18 |   0.0 |   974
           D:6 |       0 |     972 |   0.0 |       0 |      43 |   0.0 |  1272
           D:7 |       0 |     432 |   0.0 |       0 |      13 |   0.0 |   670
           D:8 |       0 |    1788 |   0.0 |       0 |      47 |   0.0 |  1065
           D:9 |       0 |    2372 |   0.0 |       0 |      25 |   0.0 |   888
          D:10 |       0 |    5304 |   0.0 |       0 |      23 |   0.0 |   858
          D:11 |       0 |    7796 |   0.0 |       0 |      41 |   0.0 |   838
          D:12 |       0 |   12213 |   0.0 |       0 |      35 |   0.0 |   658
          D:13 |       0 |    1939 |   0.0 |       0 |       3 |   0.0 |   151
          D:14 |       0 |    9119 |   0.0 |       0 |      30 |   0.0 |  1186
        Lair:1 |       0 |    3279 |   0.0 |       0 |      20 |   0.0 |  1170
        Lair:2 |       0 |    7892 |   0.0 |       0 |      58 |   0.0 |  1516
        Lair:3 |       0 |    3667 |   0.0 |       0 |      17 |   0.0 |  1163
        Lair:4 |       0 |    8230 |   0.0 |       0 |      32 |   0.0 |  1333
        Lair:5 |       0 |    6107 |   0.0 |       0 |      24 |   0.0 |   744
        Lair:6 |       0 |   15521 |   0.0 |       0 |      52 |   0.0 |   967
      Shoals:1 |       0 |   16335 |   0.0 |       0 |      33 |   0.0 |   884
      Shoals:2 |       0 |    3040 |   0.0 |       0 |       5 |   0.0 |   211
      Shoals:3 |       0 |     547 |   0.0 |       0 |       1 |   0.0 |    34
      Shoals:4 |       0 |   11039 |   0.0 |       0 |      17 |   0.0 |   151
       Snake:1 |       0 |   23400 |   0.0 |       0 |      51 |   0.0 |   424
       Snake:2 |       0 |   23464 |   0.0 |       0 |      44 |   0.0 |  1059
       Snake:3 |       0 |   22431 |   0.0 |       0 |      45 |   0.0 |   605
       Snake:4 |       0 |   49568 |   0.0 |       0 |      85 |   0.0 |   987
      Vaults:1 |       0 |   52958 |   0.0 |       0 |      76 |   0.0 |  2289
      Vaults:2 |       0 |   47614 |   0.0 |       0 |      77 |   0.0 |  1955
      Vaults:3 |       0 |   52675 |   0.0 |       0 |      87 |   0.0 |  1145
      Vaults:4 |       0 |   52798 |   0.0 |       0 |      80 |   0.0 |  1527
      Vaults:5 |       0 |    6645 |   0.0 |       0 |       5 |   0.0 |    48
               +---------+---------+-------+---------+---------+-------+---------
